 Dungeon Crawl Stone Soup version 0.26-a0-154-g3d63440f56 (webtiles) character file.

Game seed: 7986655409445811010

13 Flugslaktarn the Chiller (level 2, -5/17 HPs)
             Began as an Octopode Ice Elementalist on June 30, 2020.
             Slain by Natasha (8 damage)
             ... on level 2 of the Dungeon.
             The game lasted 00:00:32 (103 turns).

Flugslaktarn the Chiller (Octopode Ice Elementalist) Turns: 103, Time: 00:00:32

Health: -5/17      AC:  1    Str:  7    XL:     2   Next: 37%
Magic:  0/5        EV: 13    Int: 17    God:
Gold:   20         SH:  0    Dex: 12    Spells: 4/5 levels left

rFire    . . .     SeeInvis .   (no weapon)
rCold    . . .     Faith    .   (no shield)
rNeg     . . .     Spirit   .   (helmet restricted)
rPois    .         Reflect  .   (no amulet)
rElec    .         Harm     .   (no ring)
rCorr    .                      (no ring)
MR       .....                  (no ring)
Stlth    +++.......             (no ring)
HPRegen  0.05/turn              (no ring)
MPRegen  0.09/turn              (no ring)
                                (no ring)
                                (no ring)

@: slowed, very slow
A: almost no armour, stealthy swim, amphibious, 8 rings, constrict 8, camouflage
1, gelatinous body 1
a: no special abilities


You were on level 2 of the Dungeon.
You were not hungry.

You visited 1 branch of the dungeon, and saw 2 of its levels.

You collected 20 gold pieces.

Inventory:

Scrolls
 a - 3 scrolls of identify {unknown}
 d - a scroll of enchant weapon {unknown}
Potions
 c - a potion of haste {unknown}
Comestibles
 b - a ration


   Skills:
 - Level 2.0 Dodging
 - Level 2.6 Stealth
 + Level 2.4 Spellcasting
 + Level 4.3 Ice Magic


You had 4 spell levels left.
You knew the following spells:

 Your Spells              Type           Power        Failure   Level  Hunger
a - Freeze                Ice            ###.         3%          1    #......

Your spell library contained the following spells:

 Spells                   Type           Power        Failure   Level  Hunger
 Frozen Ramparts          Ice            ###...       10%         3    ###....
 Ozocubu's Armour         Chrm/Ice       #.......     22%         3    ###....
 Hailstorm                Conj/Ice       #.......     58%         4    #####..
 Summon Ice Beast         Ice/Summ       #.......     58%         4    #####..


Dungeon Overview and Level Annotations

Branches:
Dungeon (2/15)

Altars:
Qazlal

Annotations:
D:2 Natasha


Innate Abilities, Weirdness & Mutations

You cannot wear most types of armour.
You are very stealthy in the water. (Stealth+)
You are amphibious.
You can wear up to eight rings at the same time.
You can use your tentacles to constrict eight enemies at once.
Your skin changes colour to match your surroundings (Stealth+).
Your rubbery body absorbs attacks. (AC +1, EV +1)


Message History

The adder is almost dead.
The adder misses you.
Casting: Freeze (safe; 3% risk of failure)
Confirm with . or Enter, or press ? or * to list all spells.
Aiming: Freeze (safe; 3% risk of failure)
Press: ? - help, Shift-Dir - straight line, f/p - adder
Aim: an adder (almost dead)
You freeze the adder.
You kill the adder!
You have reached level 2!
You see here an adder corpse.
Found 19 sling bullets.
Found a scroll labeled NEUWOCH GUEM.
A rat comes into view.
Found a ration.
Found a stone staircase leading down.
You see here a scroll labeled NEUWOCH GUEM.
You closely miss the rat. You grab the rat. You squeeze the rat.
You kill the rat!
d - a scroll labeled NEUWOCH GUEM
Found 3 gold pieces.
Natasha, Servant of Life and Death comes into view.
Natasha hisses angrily.
Found a ration.
Natasha howls an incantation.
Natasha glows brightly for a moment.
Natasha claws you.
* * * LOW HITPOINT WARNING * * *
Casting: Freeze (safe; 3% risk of failure)
Confirm with . or Enter, or press ? or * to list all spells.
Aiming: Freeze (safe; 3% risk of failure)
Press: ? - help, Shift-Dir - straight line, f - Natasha
Aim: Natasha You freeze Natasha.
Natasha is moderately wounded.
Natasha stares at you and mumbles some strange words.
You feel yourself slow down.
You miss Natasha. Your grab misses Natasha.
Natasha is moderately wounded.
Natasha closely misses you.
Unknown command.
Casting: Freeze (safe; 3% risk of failure)
Confirm with . or Enter, or press ? or * to list all spells.
Aiming: Freeze (safe; 3% risk of failure)
Press: ? - help, Shift-Dir - straight line, f/p - Natasha
Aim: Natasha (moderately wounded)
You freeze Natasha.
Natasha is heavily wounded.
Natasha claws you!
You die...

#.# ##).... #....# #.#
#...... #....# #.#
##≈..... #....# #.#
#...§§§. #....# #.#
#..†§≈§. #....## #.#
#..≈≈≈§≈
#.....###.#####..≈≈≈≈≈
#................§.≈§.
#....@.......###.§§≈§.
######h......# #...§≈§
#%.#.#### #...≈≈≈
#...... #...§§§
#....##.# ..≈.(.§
......# # .....§
.....>... #.....#.$.
#....%###..


You could see Natasha.

Vanquished Creatures
  An adder (D:2)
  A leopard gecko (D:2)
  A goblin (D:2)
  A rat (D:2)
4 creatures vanquished.

Notes
Turn   | Place    | Note
-------+----------+-------------------------------------------
     0 | D:1      | Flugslaktarn the Octopode Ice Elementalist began the quest
                  | for the Orb.
     0 | D:1      | Reached XP level 1. HP: 11/11 MP: 3/3
    67 | D:2      | Found a stormy altar of Qazlal.
    82 | D:2      | Reached XP level 2. HP: 6/17 MP: 0/5
    95 | D:2      | Noticed Natasha
   103 | D:2      | Slain by Natasha

Illustrated notes

Levels and vault maps discovered:
D:1:      minmay_arrival_up_and_down, layout_basic,
          chequers_serial_rivers_micro_d
D:2:      layout_basic, first_ration, nicolae_qazlal_general_emergency,
          uniq_natasha, uniq_crazy_yiuf_cottage, uniq_terence

Action                   || total
-------------------------++-------
Melee: Unarmed           ||     3
       Constrict         ||     2
       Tentacles         ||     1
 Cast: Freeze            ||     7
 Stab: Sleeping          ||     1
Dodge: Dodged            ||     4

Table legend:
 A = Non-vault XP
 B = Vault XP
 C = Vault XP percentage of total XP
 D = Non-vault monster count
 E = Vault monster count
 F = Vault count percentage of total count
                 A         B        C        D         E       F
            +---------+---------+-------+---------+---------+-------
      Total |      19 |       0 |   0.0 |       4 |       0 |   0.0
            +---------+---------+-------+---------+---------+-------
        D:2 |      19 |       0 |   0.0 |       4 |       0 |   0.0
            +---------+---------+-------+---------+---------+-------
